 Dungeon Crawl Stone Soup version 0.23-b1-75-g379dba2534 (webtiles) character file.

Game seed: 2314947994097293686

464 H0rd4k the Charlatan (level 7, -1/50 HPs)
             Began as a Human Artificer on Feb 7, 2019.
             Slain by an iron imp (8 damage)
             ... summoned by Natasha
             ... on level 4 of the Dungeon.
             The game lasted 00:05:50 (4213 turns).

H0rd4k the Charlatan (Human Artificer)              Turns: 4213, Time: 00:05:50

Health: -1/50      AC:  3    Str: 13    XL:     7   Next: 29%
Magic:  10/10      EV: 13    Int: 12    God:
Gold:   196        SH:  0    Dex: 14    Spells: 6/6 levels left

rFire    . . .     SeeInvis .   a - +0 short sword
rCold    . . .     Gourm    .   (no shield)
rNeg     . . .     Faith    .   b - +0 leather armour
rPois    .         Spirit   .   (no helmet)
rElec    .         Reflect  .   (no cloak)
rCorr    .         Harm     .   (no gloves)
MR       .....                  (no boots)
Stlth    ++........             (no amulet)
HPRegen  0.16/turn              (no ring)
MPRegen  0.12/turn              (no ring)

@: no status effects
A: no striking features
a: no special abilities


You were on level 4 of the Dungeon.
You were hungry.

You visited 1 branch of the dungeon, and saw 4 of its levels.

You collected 196 gold pieces.

Inventory:

Hand Weapons
 a - a +0 short sword (weapon)
 h - a +0 spear of piercing
 t - a +0 hunting sling
 w - a +0 rapier
Missiles
 k - 4 tomahawks (quivered)
 n - 6 silver tomahawks
 r - 8 javelins
Armour
 b - a +0 leather armour (worn)
 p - a +2 helmet
 u - a +1 helmet
Jewellery
 i - an uncursed ring of poison resistance {unknown}
 l - an uncursed ring of poison resistance {unknown}
Wands
 d - a wand of enslavement (15)
Scrolls
 c - a scroll of magic mapping {unknown}
 g - 4 scrolls of remove curse {unknown}
 j - a scroll of identify {unknown}
 m - 5 scrolls of teleportation {unknown}
 o - a scroll of random uselessness {unknown}
 q - a scroll of blinking {unknown}
 v - a scroll of fog {unknown}
 x - 2 scrolls of fear {unknown}
Potions
 s - a potion of heal wounds
Comestibles
 f - 6 rations


   Skills:
 + Level 2.1 Fighting
 + Level 3.5 Short Blades
 * Level 2.4 Throwing
 + Level 2.9 Armour
 + Level 3.1 Dodging
 + Level 1.5 Stealth
 + Level 4.0 Evocations


You had 6 spell levels left.
You didn't know any spells.
Your spell library was empty.

Dungeon Overview and Level Annotations

Branches:
Dungeon (4/15)
 Temple: D:4-7

Altars:
Ru

Annotations:
D:2 Robin
D:3 exclusion: 2 downstairs
D:4 Natasha


Message History

Natasha is heavily wounded.
Natasha misses you.
You hit Natasha but do no damage.
Natasha is heavily wounded.
Natasha howls an incantation.
You feel disoriented.
Natasha casts a spell.
You hit Natasha.
Natasha is almost dead.
Natasha misses you.
You barely miss Natasha.
Natasha is almost dead.
The iron imp hits you.
* * * LOW HITPOINT WARNING * * *
You hit Natasha but do no damage.
Natasha is almost dead.
Natasha claws you.
* * * LOW HITPOINT WARNING * * *
The iron imp hits you!
You die...

#####.# #5.######
#.......#. #.# #.......#
#.....#... #.# #.#####.#
#......... #####.# #.#
#.# #...##.... ......#
##.## #.#####........#
####### ##.#.##
#.......##....#.
##.###5###..####.....#...
##.##
##h##..####...#..... #.##
##@5.......#.......
#########.##
##.##..####........#
.......###.###.###..#
##.##.##.. #####..#
##.#<## #..# ##^#...##.#
##.# ##.##
#..###.###.###.# #.# ###
#..##.## ##.##.# #.#
#[...## ##...# #.#
#.###.## #.##.# ######.#
#.# ##.###.# #.#


You could see an iron imp, Natasha and a crimson imp.

Vanquished Creatures
  Sigmund (D:2)
  An ogre (D:4)
  A jelly (D:3)
  Natasha (D:4)
  A worker ant (D:4)
  2 adders
  4 gnolls
  An ooze (D:2)
  A worm (D:2)
  4 dart slugs (D:1)
  2 leopard geckos
  3 orcs (D:3)
  A ball python (D:3)
  6 bats
  7 goblins
  5 hobgoblins
  4 jackals
  5 kobolds
  2 quokkas (D:3)
  5 frilled lizards
  4 rats
61 creatures vanquished.

Notes
Turn   | Place    | Note
-------+----------+-------------------------------------------
     0 | D:1      | H0rd4k the Human Artificer began the quest for the Orb.
     0 | D:1      | Reached XP level 1. HP: 15/15 MP: 3/3
    63 | D:1      | Reached XP level 2. HP: 13/21 MP: 4/4
   228 | D:1      | Reached XP level 3. HP: 8/26 MP: 5/5
  1377 | D:2      | Reached XP level 4. HP: 15/32 MP: 6/6
  1673 | D:2      | Reached skill level 1 in Armour
  2052 | D:2      | Found a sacrificial altar of Ru.
  2104 | D:2      | Noticed Sigmund
  2112 | D:2      | Killed Sigmund
  2112 | D:2      | Reached skill level 1 in Throwing
  2112 | D:2      | Reached XP level 5. HP: 27/38 MP: 7/7
  2112 | D:2      | Reached XP level 6. HP: 32/44 MP: 8/8
  2587 | D:2      | Noticed Robin
  3505 | D:4      | Noticed Natasha
  3506 | D:4      | Killed Natasha
  3523 | D:4      | Noticed an ogre
  3574 | D:4      | Reached skill level 4 in Evocations
  3574 | D:4      | Reached XP level 7. HP: 50/50 MP: 8/10
  4097 | D:4      | Noticed Natasha
  4213 | D:4      | Slain by an iron imp

Skill      XL: |  1  2  3  4  5  6  7 |
---------------+----------------------+-----
Armour         | 2 |  2.9
Short Blades   | 3 |  3.5
Throwing       | 1 2 |  2.4
Fighting       | 2 |  2.1
Evocations     | 4 |  4.0
Dodging        | 3 |  3.1
Stealth        | |  1.5

Action                   |  1- 3 |  4- 6 |  7- 9 || total
-------------------------+-------+-------+-------++-------
Melee: Short sword       |    88 |   144 |    35 ||   267
Evoke: Wand              |     3 |    23 |     4 ||    30
 Stab: Sleeping          |       |     3 |       ||     3
  Eat: Chunk             |     2 |     6 |     2 ||    10
Armor: Leather armour    |    18 |    24 |     4 ||    46
Dodge: Dodged            |    54 |    93 |    13 ||   160
